 Dungeon Crawl Stone Soup version 0.20.1-1-g8b1a95d (webtiles) character file.

492 renl the Shield-Bearer (level 7, 0/54 HPs)
             Began as a Formicid Fighter on July 20, 2017.
             Succumbed to a gnoll's poison
             ... on level 4 of the Dungeon.
             The game lasted 00:08:52 (2654 turns).

renl the Shield-Bearer (Formicid Fighter)           Turns: 2654, Time: 00:08:52

Health: 0/54       AC:  9    Str: 28    XL:     7   Next: 37%
Magic:  7/7        EV:  7    Int: 12    God:
Gold:   260        SH: 11    Dex: 10    Spells: 6/6 levels left

rFire    . . .     SeeInvis +   a - +0 long sword
rCold    . . .     Gourm    .   c - +0 shield
rNeg     . . .     Faith    .   x - +0 chain mail
rPois    .         Spirit   .   (helmet unavailable)
rElec    .         Reflect  .   (no cloak)
rCorr    .         Harm     .   (no gloves)
MR       .....                  (no boots)
Stlth    ..........             (no amulet)
Regen    0.2/turn               m - +5 ring of strength
MPRegen  0.1/turn               (no ring)

@: brilliant, lethally poisoned (0 -> -4)
A: permanent stasis, dig shafts and tunnels, four strong arms, antennae 3
a: Dig, Shaft Self


You were on level 4 of the Dungeon.
You were not hungry.

You visited 1 branch of the dungeon, and saw 4 of its levels.

You collected 260 gold pieces.

Inventory:

Hand Weapons
 a - a +0 long sword (weapon)
Missiles
 v - 2 javelins (quivered)
Armour
 c - a +0 shield (worn)
 x - a +0 chain mail (worn)
Jewellery
 m - a +5 ring of strength (left hand)
Scrolls
 e - 2 scrolls of enchant armour {unknown}
 g - a scroll of fog {unknown}
 h - a scroll of random uselessness {unknown}
 j - a scroll of recharging {unknown}
 l - 3 scrolls of remove curse {unknown}
 n - a scroll of identify {unknown}
 q - a scroll of amnesia {unknown}
 s - a scroll of magic mapping {unknown}
 t - 2 scrolls of teleportation {unknown}
Potions
 d - a potion of might
 k - 2 potions of heal wounds {unknown}
 r - a potion of experience {unknown}
 u - a potion of lignification {unknown}
 w - a potion of agility {unknown}
Comestibles
 f - 4 bread rations
 i - a fruit
 p - a royal jelly
 z - 7 chunks of flesh


   Skills:
 + Level 4.2 Fighting
 + Level 4.8 Long Blades
 + Level 5.0 Armour
 + Level 5.8 Shields


You had 6 spell levels left.
You didn't know any spells.

Dungeon Overview and Level Annotations

Branches:
Dungeon (4/15)
 Temple: D:4-7

Altars:
Gozag
Ru


Innate Abilities, Weirdness & Mutations

You cannot be hasted, slowed, berserked, paralysed or teleported.
You can dig through walls and to a lower floor.
Your four strong arms can wield two-handed weapons with a shield.
You have a pair of large antennae on your head. (SInv)


Message History

* * * LOW HITPOINT WARNING * * *
You block the gnoll's attack. x2
* * * LOW HITPOINT WARNING * * *
You feel sick.
* * * LOW HITPOINT WARNING * * *
You feel sick.
* * * LOW HITPOINT WARNING * * *
You feel sick.
Items here: ))) [[ รทรท
* * * LOW HITPOINT WARNING * * *
You feel sick.
The gnoll shaman utters an invocation to its god.
The gnoll shaman is healed somewhat.
It was a potion of cancellation.
You feel magically purged.
* * * LOW HITPOINT WARNING * * *
You feel sick. The gnoll closely misses you.
You riposte.
You slash the gnoll!
You kill the gnoll!
It was a potion of brilliance.
You feel clever all of a sudden.
You die...

........# #.# #.#
........# #.# #.#
#.......# #.# #.#
#.......###.# #.#
............# #.#
.........#### #.#
.........# #.#
#.#.###.)######.#####
..........ggg)g@.>..#
.........############
.................#
##.###...######### #
#...# #.###..g#
#.......# #####..##
#...g...#


You could see a gnoll shaman and 3 gnolls.

Vanquished Creatures
  Sigmund (D:2)
  A sky beast (D:4)
  2 orc wizards
  Terence (D:2)
  2 gnolls (D:4)
  6 adders
  An ooze (D:1)
  2 worms (D:2)
  A dart slug (D:2)
  2 leopard geckos
  9 orcs
  5 bats
  A giant cockroach (D:3)
  18 goblins
  8 hobgoblins
  2 jackals (D:2)
  A quokka (D:4)
  9 frilled lizards
  5 kobolds
  A quokka skeleton (D:3)
  8 rats
86 creatures vanquished.

Notes
Turn   | Place    | Note
-------+----------+-------------------------------------------
     0 | D:1      | renl the Formicid Fighter began the quest for the Orb.
     0 | D:1      | Reached XP level 1. HP: 18/18 MP: 1/1
   215 | D:1      | Reached XP level 2. HP: 20/24 MP: 2/2
   549 | D:1      | Reached XP level 3. HP: 25/29 MP: 3/3
   921 | D:2      | Noticed Terence
   933 | D:2      | Killed Terence
   933 | D:2      | Reached XP level 4. HP: 11/36 MP: 4/4
  1289 | D:2      | Found a sacrificial altar of Ru.
  1303 | D:2      | Reached XP level 5. HP: 40/42 MP: 5/5
  1356 | D:2      | Noticed Sigmund
  1366 | D:2      | Killed Sigmund
  1366 | D:2      | Reached skill level 5 in Shields
  1366 | D:2      | Reached XP level 6. HP: 36/48 MP: 6/6
  2085 | D:3      | Found an opulent altar of Gozag.
  2456 | D:4      | Noticed a sky beast
  2472 | D:4      | Killed a sky beast
  2472 | D:4      | Reached XP level 7. HP: 45/54 MP: 7/7
  2631 | D:4      | Reached skill level 5 in Armour
  2651 | D:4      | HP: 2/54 [poisoned by a gnoll]
  2654 | D:4      | Succumbed to a gnoll's poison

Skill      XL: |  1  2  3  4  5  6  7 |
---------------+----------------------+-----
Shields        | 4 5 |  5.8
Armour         | 4 5 |  5.0
Long Blades    | 3 4 |  4.8
Fighting       | 4 |  4.2

Action                   |  1- 3 |  4- 6 |  7- 9 || total
-------------------------+-------+-------+-------++-------
Melee: Long sword        |   102 |   199 |    47 ||   348
Throw: Javelin           |       |     2 |       ||     2
  Use: Potion            |       |       |     2 ||     2
  Eat: Chunk             |       |     6 |       ||     6
Armor: Scale mail        |    48 |    81 |       ||   129
       Chain mail        |       |    10 |    24 ||    34
Dodge: Dodged            |    41 |    46 |    17 ||   104
Block: Shield            |    64 |   137 |    40 ||   241
       Rpst.: Long sword |    10 |    16 |     6 ||    32
